 Dungeon Crawl Stone Soup version 0.31-a0-325-g067879e3d3 (webtiles) character file.

Game seed: 4507504473794433452

529 Grim the Cudgeller (level 7, -11/105 HPs)
             Began as an Ogre Berserker on July 18, 2023.
             Was a Believer of Trog.
             Killed by nerve-wracking pain
             ... invoked by an orc priest
              (14 damage)
             ... on level 4 of the Dungeon.
             The game lasted 00:06:09 (3914 turns).

Grim the Cudgeller (Ogre Berserker)                 Turns: 3914, Time: 00:06:10

Health: -11/105    AC:  3    Str: 24    XL:     7   Next: 24%
Magic:  7/7        EV: 10    Int:  8    God:    Trog [**....]
Gold:   81         SH:  0    Dex: 11    Spells: 6/6 levels left

rFire   . . .        t - +1 morningstar of Bread {heavy, Dex+3}
rCold   . . .        (no shield)
rNeg    . . .        b - +0 animal skin
rPois   .            (helmet restricted)
rElec   .            (no cloak)
rCorr   .            (gloves unavailable)
SInv    .            (boots unavailable)
Will    .....        (no amulet) Stlth
                     (no ring)
HPRegen 0.37/turn    (no ring)
MPRegen 0.10/turn

%: no passive effects
@: berserking (expiring), very quick
A: large, unfitting armour, tough skin 1
a: Renounce Religion, Berserk, Trog's Hand


You were on level 4 of the Dungeon.
You worshipped Trog.
Trog was pleased with you.
You visited 1 branch of the dungeon, and saw 4 of its levels.

You collected 225 gold pieces.
You spent 144 gold pieces at shops.

Inventory:

Hand Weapons
 a - a +0 mace
 t - the +1 morningstar of Bread (weapon) {heavy, Dex+3}
   (You bought it in a shop on level 1 of the Dungeon)

   Dex:       It affects your dexterity (+3).
Missiles
 l - 3 large rocks (quivered)
Armour
 b - a +0 animal skin (worn)
Scrolls
 c - 3 scrolls of poison {unknown}
 d - 3 scrolls of vulnerability {unknown}
 e - 6 scrolls of teleportation {unknown}
 g - a scroll of fear {unknown}
 j - a scroll of fog {unknown}
 m - 2 scrolls of revelation {unknown}
 n - 3 scrolls of identify {unknown}
 o - a scroll of enchant armour {unknown}
 p - a scroll of torment {unknown}
 q - 2 scrolls of brand weapon {unknown}
 s - a scroll of blinking {unknown}
 v - a scroll of acquirement {unknown}
Potions
 f - 2 potions of curing {unknown}
 h - a potion of lignification {unknown}
 i - a potion of mutation {unknown}
 k - a potion of brilliance {unknown}
 r - a potion of might {unknown}
 u - a potion of enlightenment {unknown}


   Skills:
 - Level 4.0 Fighting
 + Level 7.3 Maces & Flails
 - Level 2.6 Dodging


You had 6 spell levels left.
You didn't know any spells.
Your spell library was empty.

Dungeon Overview and Level Annotations

Branches:
Dungeon (4/15)
 Temple: D:4-7

Altars:
Zin

Shops:
D:1 (


Innate Abilities, Weirdness & Mutations

You are too large for most types of armour.
You have tough skin. (AC +1)


Message History

The hobgoblin hits you but does no damage.
You perforate the hobgoblin like a sieve!!!
You kill the hobgoblin!
Trog accepts your kill.
The orc priest hits you from afar with a +0 trident.
* * * LOW HITPOINT WARNING * * *
The centaur shoots an arrow.
The arrow hits you!
* * * LOW HITPOINT WARNING * * *
The arrow freezes you.
* * * LOW HITPOINT WARNING * * *
Things that are here:
a +0 trident; a +0 ring mail; an orc corpse You feel a strong urge to attack something.
The centaur unwields a +1 orcbow of freezing.
The centaur hits you.
* * * LOW HITPOINT WARNING * * *
The centaur kicks you.
* * * LOW HITPOINT WARNING * * *
The orc priest barely misses you.
You sock the centaur!
The centaur is heavily wounded.
The centaur hits you.
* * * LOW HITPOINT WARNING * * *
The centaur kicks you but does no damage.
The orc priest completely misses you. The centaur hits you.
* * * LOW HITPOINT WARNING * * *
The centaur kicks you.
* * * LOW HITPOINT WARNING * * *
You impale the centaur!!
You kill the centaur!
Trog accepts your kill. The orc priest misses you.
The orc priest hits you from afar with a +0 trident.
* * * LOW HITPOINT WARNING * * *
Your life force feels restored.
You see here a hobgoblin corpse.
You barely miss the orc priest.
The orc priest mumbles some strange prayers to Beogh against you.
Pain shoots through your body!
You die...

.. ..#...###...#.....##
... #.###.#....#......#
..###...#.....#.....#...
#.#....#....#......# ..
#.....#...###.....#
#....#.###...###.#..
#..)###........ ###..
#.###.).###...## ##
##....@)..)###..
#...###..o###...## ..
..###g. .. ### ###


You could see an orc priest and a hobgoblin.

Vanquished Creatures
  Grinder (D:3)
  A centaur (D:4)
  A scorpion (D:2)
  Terence (D:3)
  7 adders
  2 worms (D:3)
  3 dart slugs
  9 orcs
  9 ball pythons
  10 endoplasms
  3 giant cockroaches
  6 goblins
  8 hobgoblins
  4 jackals (D:3)
  2 quokkas
  4 bats
  6 frilled lizards
  4 kobolds
  8 rats
89 creatures vanquished.

Vanquished Creatures (others)
  A kobold (D:4)
1 creature vanquished.

Grand Total: 90 creatures vanquished

Notes
Turn   | Place    | Note
-------+----------+-------------------------------------------
     0 | D:1      | Grim the Ogre Berserker began the quest for the Orb.
     0 | D:1      | Reached XP level 1. HP: 24/24 MP: 1/1
    61 | D:1      | Reached skill level 3 in Maces & Flails
    88 | D:1      | Reached XP level 2. HP: 20/32 MP: 2/2
   226 | D:1      | Found a faded altar of an unknown god.
   658 | D:1      | Found Juboz's Antique Weapon Emporium.
   690 | D:1      | Reached XP level 3. HP: 36/39 MP: 3/3
   996 | D:2      | Reached skill level 4 in Maces & Flails
  1138 | D:2      | Noticed a scorpion
  1154 | D:2      | Killed a scorpion
  1154 | D:2      | Reached ** piety under Trog
  1155 | D:2      | Reached XP level 4. HP: 26/48 MP: 4/4
  1163 | D:2      | Reached skill level 5 in Maces & Flails
  1383 | D:2      | Reached XP level 5. HP: 54/54 MP: 5/5
  2487 | D:3      | Noticed Grinder
  2500 | D:3      | Paralysed by Grinder for 5 turns
  2506 | D:3      | Killed Grinder
  2507 | D:3      | Reached skill level 6 in Maces & Flails
  2507 | D:3      | Reached XP level 6. HP: 17/62 MP: 6/6
  3100 | D:1      | Bought an iridescent morningstar for 144 gold pieces
  3100 | D:1      | Identified the +1 morningstar of Bread {heavy, Dex+3} (You
                  | bought it in a shop on level 1 of the Dungeon)
  3230 | D:3      | Found a glowing silver altar of Zin.
  3279 | D:3      | Noticed Terence
  3286 | D:3      | Killed Terence
  3548 | D:4      | Reached skill level 7 in Maces & Flails
  3550 | D:4      | Reached XP level 7. HP: 37/70 MP: 7/7
  3911 | D:4      | HP: 4/102 [centaur (5)]
  3914 | D:4      | Killed from afar by an orc priest

Illustrated notes

Levels and vault maps discovered:
D:1:      psy_arrival_conway, layout_loops_ring,
          shapermc_ecumenical_altar_rom_forum, serial_shops,
          nicolae_shop_pleasant_corner_grove
D:2:      minmay_wonky_spiral, layout_basic
D:3:      layout_basic, mainiacjoe_overflow_six_doors_small,
          minmay_tree_intersection, minmay_pentomino_pile, uniq_grinder,
          uniq_terence
D:4:      nicolae_BIG_FREAKIN_CUBE, layout_cave_pools, lemuel_tele_altar,
          worldfamousw_hep_ancestral_shrine, serial_glass, glass_columns_a,
          glass_columns_a

Skill      XL: |  1  2  3  4  5  6 |
---------------+-------------------+-----
Maces & Flails | 3 4 5 6 7 |  7.3
Fighting       | |  4.0
Dodging        | |  2.6

Action                     |  1- 3 |  4- 6 |  7- 9 || total
---------------------------+-------+-------+-------++-------
  Melee: Mace              |    95 |   120 |       ||   215
         Punch             |       |     1 |       ||     1
         Morningstar       |       |    24 |    28 ||    52
  Throw: Large rock        |       |     1 |       ||     1
 Invoke: Berserk           |     2 |     4 |     1 ||     7
   Stab: Sleeping          |       |     1 |       ||     1
 Armour: Animal skin       |    27 |    42 |     7 ||    76
  Dodge: Dodged            |    53 |    79 |    22 ||   154

Table legend: (Time is in decaauts)
 A = Elapsed time spent in this place.
 B = Non-inter-level travel time spent in this place.
 C = Inter-level travel time spent in this place.
 D = Time resting spent in this place.
 E = Time spent auto-exploring this place.
 F = Levels seen in this place.
 G = Mean time per level.
                   A        B        C        D        E       F      G
               +--------+--------+--------+--------+--------+-----+--------+
         Total |   4030 |   3800 |    230 |    989 |   2173 |   4 | 1007.5 |
       Dungeon |   4030 |   3800 |    230 |    989 |   2173 |   4 | 1007.5 |
               +--------+--------+--------+--------+--------+-----+--------+

Top non-repeatable levels by time:
     D:3: 1547 daAuts
     D:2: 1294 daAuts
     D:1: 940 daAuts
     D:4: 247 daAuts
